Map: Submarine LE

Players

rottenorange - Winner!

  • Race: Zerg Zerg
  • League: Silver
  • Spawn Location: 11:00

ladyemmaham

  • Race: Terran Terran
  • Spawn Location: 5:00

VOD

Have the link to the VOD?

Description

Time

  • Played on: Oct. 10, 2020, 11:40 a.m.
  • Length: 13:38
Show
View Real Time Build Order
Export as new Build Order

rottenorange Zerg - Winner!

Build Orders: Hatch First 

Get SALT Encoding   

  12  0:00  Drone  
  13  0:13  Overlord  
  13  0:18  Drone  
  14  0:31  Drone x2  
  16  0:51  Hatchery  
  15  0:57  Drone  
  15  1:01  Extractor  
  15  1:12  Spawning Pool  
  15  1:13  Drone  
  15  1:18  Drone  
  16  1:25  Drone  
  17  1:26  Drone  
  18  1:37  Drone  
  19  1:49  Drone  
  20  2:04  Queen  
  20  2:06  Queen  
  24  2:11  Overlord  
  24  2:13  Drone x2  
  26  2:16  Drone  
  26  2:22  Overlord  
  27  2:28  Metabolic Boost  
  27  2:36  Drone  
  27  2:37  Drone  
  29  2:42  Drone x2  
  31  2:51  Queen  
  31  2:53  Drone x2  
  35  3:13  Drone  
  35  3:14  Drone x3  
  38  3:38  Lair  
  38  3:42  Hatchery  
  38  3:43  Drone  
  38  3:44  Drone x5  
  43  3:49  Roach Warren  
  43  3:54  Extractor  
  41  4:00  Extractor  
  40  4:14  Spine Crawler, Spore Crawler x2  
  40  4:15  Spine Crawler  
  36  4:19  Spine Crawler  
  36  4:21  Spine Crawler  
  36  4:23  Drone x3  
  36  4:24  Drone x3  
  40  4:30  Drone  
  44  4:31  Drone x3  
  44  4:33  Overlord  
  44  4:38  Overlord  
  44  4:39  Overlord  
  44  4:51  Evolution Chamber, Drone  
  44  4:52  Evolution Chamber  
  43  4:55  Drone x3  
  43  4:57  Drone  
  47  5:00  Drone  
  48  5:14  Spine Crawler  
  48  5:15  Spine Crawler  
  48  5:18  Queen  
  48  5:19  Drone x3  
  51  5:38  Zergling x10  
  56  5:43  Glial Reconstitution  
  56  5:44  Zerg Missile Weapons Level 1  
  56  5:45  Zerg Ground Armor Level 1  
  56  5:51  Roach x4  
  60  6:26  Roach x6  
  60  6:28  Overlord x4  
  60  6:29  Overlord x2  
  60  6:31  Overseer  
  60  6:32  Pneumatized Carapace  
  72  6:36  Spine Crawler  
  71  6:42  Spore Crawler  
  71  6:44  Drone x3  
  73  7:02  Roach  
  73  7:03  Roach x11  
  97  7:09  Hydralisk Den  
  96  7:18  Spine Crawler  
  96  7:20  Spore Crawler  
  94  7:26  Roach  
  94  7:27  Roach x4  
  105  7:37  Drone x4, Extractor  
  105  7:39  Drone x4  
  111  7:45  Hydralisk  
  111  7:46  Hydralisk  
  115  8:03  Drone x2  
  115  8:05  Drone x4  
  121  8:08  Overlord x4  
  121  8:10  Zerg Missile Weapons Level 2  
  121  8:33  Hatchery  
  120  8:46  Overlord x3  
  120  8:47  Hydralisk  
  120  8:48  Hydralisk x8  
  122  8:53  Grooved Spines  
  138  9:16  Hydralisk  
  138  9:17  Hydralisk x4  
  148  9:32  Drone x11  
  148  9:33  Drone x5  
  164  9:42  Extractor x2  
  164  9:44  Hydralisk x5  
  172  9:46  Hydralisk x2  
  176  10:05  Muscular Augments  
  176  10:08  Spine Crawler  
  176  10:10  Spore Crawler  
  176  10:13  Drone x3  
  177  10:14  Extractor  
  177  10:15  Hydralisk x4  
  177  10:19  Overlord x4  
  184  10:21  Overseer  
  184  10:22  Extractor  
  183  10:36  Queen  
  183  10:39  Overlord x2  
  185  10:45  Spine Crawler  
  185  10:47  Spore Crawler  
  183  10:50  Drone  
  183  10:51  Drone x2  
  183  10:53  Hydralisk x6  
  183  10:54  Hydralisk  
  200  11:17  Lurker Den  
  200  11:18  Zerg Ground Armor Level 2  
  199  11:21  Tunneling Claws  
  199  11:23  Burrow  
  152  12:02  Roach x15  
  152  12:03  Roach x9  
  182  12:26  Roach x8  
Show
View Real Time Build Order
Export as new Build Order

ladyemmaham Terran 

Build Orders:  

Get SALT Encoding   

  12  0:03  SCV  
  13  0:15  SCV  
  13  0:19  Supply Depot  
  14  0:27  SCV  
  15  0:31  Refinery  
  15  0:42  SCV  
  16  0:47  Barracks  
  16  1:07  SCV  
  17  1:19  SCV  
  18  1:31  SCV  
  19  1:37  Barracks Tech Lab  
  19  1:40  Command Center  
  19  1:43  SCV  
  20  1:57  Marauder  
  22  2:09  Engineering Bay  
  22  2:19  Orbital Command  
  22  2:26  Supply Depot  
  22  2:30  Supply Depot  
  22  2:31  Supply Depot  
  22  2:46  Terran Infantry Weapons Level 1  
  22  2:48  Marauder  
  24  3:08  Marine  
  24  3:11  Refinery  
  25  3:14  Factory  
  25  3:26  Marine  
  26  3:28  Orbital Command  
  26  3:41  SCV  
  26  3:45  Marauder  
  29  3:59  Factory Tech Lab  
  29  4:06  Marauder  
  31  4:12  Supply Depot  
  31  4:18  Siege Tank  
  34  4:27  Marauder  
  34  4:28  SCV  
  37  4:35  SCV  
  38  4:40  SCV  
  38  4:43  Supply Depot  
  39  4:47  SCV, Terran Infantry Armor Level 1  
  39  4:49  Marauder  
  39  4:52  SCV  
  43  4:59  SCV  
  44  5:04  SCV  
  45  5:07  Siege Tank  
  45  5:10  Marauder  
  45  5:11  SCV  
  45  5:13  Supply Depot  
  51  5:16  SCV  
  52  5:23  SCV  
  53  5:31  Marine  
  54  5:49  Marauder  
  56  6:10  Starport, Marine  
  57  6:13  Hellion  
  59  6:29  Marauder  
  60  6:35  Hellion  
  62  6:50  Marauder  
  64  6:56  Hellion  
  64  6:57  Starport Reactor  
  64  7:01  Starport  
  66  7:09  Command Center  
  66  7:11  Marauder  
  68  7:16  Missile Turret  
  68  7:17  Hellion  
  70  7:32  Marine  
  70  7:36  Missile Turret  
  71  7:37  Supply Depot  
  71  7:39  Hellion  
  73  7:48  Supply Depot  
  73  7:50  Marine  
  74  7:58  Armory  
  74  7:59  Supply Depot  
  74  8:00  Hellion, Missile Turret  
  76  8:08  Marine  
  76  8:11  Supply Depot  
  77  8:13  Barracks  
  77  8:17  Starport Tech Lab  
  77  8:22  Hellion, Supply Depot  
  77  8:24  Medivac  
  77  8:25  Liberator  
  77  8:26  Marine  
  85  8:27  Missile Turret  
  85  8:34  Supply Depot  
  85  8:38  Raven  
  87  8:43  Hellion, Marine  
  87  8:46  Supply Depot  
  90  8:49  Missile Turret  
  90  8:54  Liberator  
  93  8:57  Supply Depot  
  93  9:01  Marine  
  94  9:04  Hellion  
  94  9:08  Medivac  
  94  9:20  Marauder  
  96  9:26  Hellion  
  98  9:37  Liberator  
  101  9:38  Banshee  
  101  9:41  Marauder  
  106  9:47  Hellion  
  108  10:02  Marauder  
  110  10:09  Hellion  
  112  10:26  Supply Depot  
  112  10:30  Siege Tank  
  115  10:49  Supply Depot  
  115  11:08  Marauder  
  115  11:10  Barracks Reactor  
  117  11:12  Supply Depot  
  117  11:15  Factory  
  117  11:16  Sensor Tower  
  117  11:21  Hellion  
  119  11:29  SCV, Marauder  
  119  11:32  SCV  
  123  11:34  Supply Depot  
  123  11:36  Supply Depot  
  123  11:38  Supply Depot  
  123  11:40  Refinery  
  123  11:42  SCV, Hellion  
  123  11:44  SCV  
  124  11:51  Marauder  
  124  11:54  SCV  
  99  11:56  SCV  
  99  12:00  Supply Depot  
  66  12:01  Supply Depot  
  66  12:03  Hellion  
  66  12:06  SCV  
  49  12:12  Marauder  
  49  12:18  SCV  
  46  12:23  Supply Depot  
  46  12:24  Marine x2  
  46  12:25  Hellion, Factory Reactor  
  50  12:31  Supply Depot  
  50  12:33  Marauder  
  42  12:46  Hellion  
  42  12:47  Supply Depot  
Tags
 
League
Silver
Matchup
TvZ
Replay Pack
replays
Spawn Locations
Cross Positions
Add a new tag
Caveats
  • Supply blocks, unpowered buildings, or Contaminate may cause inaccurate times.
  • Supply counts are checked every 10 seconds.